| TOP OF THE 1ST |
|
Winnipeg Goldeyes batting - Pitching for Southern Maryland Blue Crabs : RHP Bruce Yeager
|
|
Pitching: RHP Bruce Yeager
|
|
|
Batting: LHB Dave Bertheau
|
0-0: Ball 1-0: Ball 2-0: SINGLE (Flyball, 6D, EV 86.9 MPH)
|
|
Batting: RHB Josh Harmon
|
0-0: TRIPLE (Flyball, 89XD, EV 93.8 MPH) Dave Bertheau scores
|
|
Batting: LHB George Roben
|
0-0: Called Strike 0-1: Foul Ball, location: 2F 0-2: Strikes out looking
|
|
Batting: RHB Terry Oetker
|
0-0: Ground out 4-3 (Groundball, 4, EV 108.8 MPH) Josh Harmon scores
|
|
Batting: RHB Alexandre Garcia
|
0-0: Called Strike 0-1: SINGLE (Line Drive, 4D, EV 111.2 MPH)
|
|
Batting: SHB Ed Mosqueda
|
0-0: Called Strike 0-1: DOUBLE (Line Drive, 78XD, EV 98.8 MPH) Alexandre Garcia to third Runner from 3rd tries for Home, SAFE, no throw by CF
|
|
Batting: RHB Chris Bejarano
|
0-0: Called Strike 0-1: Called Strike 0-2: Strikes out swinging
|
| Top of the 1st over - 3 runs, 4 hits, 0 errors, 1 left on base; Winnipeg 3 - Southern Maryland 0 |
| BOTTOM OF THE 1ST |
|
Southern Maryland Blue Crabs batting - Pitching for Winnipeg Goldeyes : RHP Jason Waite
|
|
Pitching: RHP Jason Waite
|
|
|
Batting: LHB Chris Cohen
|
0-0: Ball 1-0: Called Strike 1-1: Fly out, F8 (Line Drive, 8LM, EV 89.4 MPH)
|
|
Batting: RHB Kevin Popowicz
|
0-0: Called Strike 0-1: Ball 1-1: Foul Ball, location: 2F 1-2: Ball 2-2: Ball 3-2: Foul Ball, location: 2F 3-2: Strikes out looking
|
|
Batting: LHB Xue-liang Zhou
|
0-0: Foul Ball, location: 2F 0-1: Called Strike 0-2: Foul Ball, location: 2F 0-2: Strikes out swinging
|
| Bottom of the 1st over - 0 runs, 0 hits, 0 errors, 0 left on base; Winnipeg 3 - Southern Maryland 0 |
| TOP OF THE 2ND |
|
Winnipeg Goldeyes batting - Pitching for Southern Maryland Blue Crabs : RHP Bruce Yeager
|
|
Batting: RHB Hisao Takei
|
0-0: Ball 1-0: Ball 2-0: Ball 3-0: Base on Balls
|
|
Batting: LHB Eduardo Lopez
|
0-0: Ball 1-0: Ball 2-0: Called Strike 2-1: Ball 3-1: Base on Balls Hisao Takei to second
|
|
Batting: LHB Dave Bertheau
|
0-0: Ball 1-0: Ball 2-0: Foul Ball, location: 2F 2-1: Foul Ball, location: 2F 2-2: Ball 3-2: Foul Ball, location: 2F 3-2: Fielders Choice at 2nd, 4-6 (Groundball, 4, EV 85.6 MPH) Hisao Takei to third
|
|
Batting: RHB Josh Harmon
|
0-0: Ball 1-0: Called Strike 1-1: Foul Ball, location: 2F 1-2: Ball 2-2: Ball Dave Bertheau steals 2nd, throwing error, E2 Hisao Takei scores Dave Bertheau to third 3-2: SINGLE (Groundball, 4MD, EV 103.1 MPH) Dave Bertheau scores
|
|
Batting: LHB George Roben
|
0-0: Swinging Strike 0-1: Ball 1-1: Swinging Strike 1-2: Ball 2-2: Strikes out swinging
|
|
Batting: RHB Terry Oetker
|
0-0: Ball 1-0: Called Strike 1-1: DOUBLE (Groundball, 3L, EV 105.0 MPH) Josh Harmon to third Runner from 3rd tries for Home, SAFE, throw by RF to home
|
|
Pitching: RHP Rod Najera
|
|
|
Batting: RHB Alexandre Garcia
|
0-0: Ball 1-0: Foul Ball, location: 2F 1-1: Ball 2-1: Ball 3-1: Swinging Strike 3-2: Base on Balls
|
|
Batting: SHB Ed Mosqueda
|
0-0: 3-RUN HOME RUN (Flyball, 9LD, EV 93.1 MPH), Distance : 360 ft
|
|
Batting: RHB Chris Bejarano
|
0-0: Ball 1-0: Ball 2-0: Called Strike 2-1: Ball 3-1: Foul Ball, location: 2F 3-2: Base on Balls
|
|
Batting: RHB Hisao Takei
|
0-0: Foul Ball, location: 2F 0-1: Fly out, F8 (Line Drive, 8RD, EV 83.1 MPH)
|
| Top of the 2nd over - 6 runs, 3 hits, 1 error, 1 left on base; Winnipeg 9 - Southern Maryland 0 |
| BOTTOM OF THE 2ND |
|
Southern Maryland Blue Crabs batting - Pitching for Winnipeg Goldeyes : RHP Jason Waite
|
|
Batting: RHB Maup Gommers
|
0-0: Foul Ball, location: 2F 0-1: SINGLE (Groundball, 4MD, EV 103.8 MPH)
|
|
Batting: LHB Ivan Alvarez
|
0-0: Swinging Strike 0-1: Foul Ball, location: 2F 0-2: Foul Ball, location: 2F 0-2: Strikes out swinging
|
|
Batting: RHB Jonathan Mendoza
|
0-0: Fly out, F8 (Flyball, 78M, EV 84.4 MPH)
|
|
Batting: LHB Jeremy Nuzzo
|
0-0: Foul Ball, location: 2F 0-1: Called Strike 0-2: Ball 1-2: Ground out 4-3 (Groundball, 4, EV 101.9 MPH)
|
| Bottom of the 2nd over - 0 runs, 1 hit, 0 errors, 1 left on base; Winnipeg 9 - Southern Maryland 0 |
| TOP OF THE 3RD |
|
Winnipeg Goldeyes batting - Pitching for Southern Maryland Blue Crabs : RHP Rod Najera
|
|
Batting: LHB Eduardo Lopez
|
0-0: Ball 1-0: Called Strike 1-1: Ball 2-1: Ball 3-1: Called Strike 3-2: Ground out 4-3 (Groundball, 4, EV 87.5 MPH)
|
|
Batting: LHB Dave Bertheau
|
0-0: Ball 1-0: Ball 2-0: Called Strike 2-1: Ball 3-1: Foul Ball, location: 2F 3-2: Base on Balls
|
|
Batting: RHB Josh Harmon
|
0-0: Swinging Strike 0-1: Foul Ball, location: 2F 0-2: SINGLE (Flyball, 34D, EV 81.9 MPH) Dave Bertheau to second
|
|
Batting: LHB George Roben
|
0-0: Ball 1-0: Swinging Strike 1-1: Ball 2-1: Swinging Strike 2-2: Strikes out looking
|
|
Batting: RHB Terry Oetker
|
0-0: Ball 1-0: Foul Ball, location: 2F 1-1: Called Strike 1-2: Fielders Choice at 2nd, 5-4 (Groundball, 5, EV 90.6 MPH)
|
| Top of the 3rd over - 0 runs, 1 hit, 0 errors, 2 left on base; Winnipeg 9 - Southern Maryland 0 |
| BOTTOM OF THE 3RD |
|
Southern Maryland Blue Crabs batting - Pitching for Winnipeg Goldeyes : RHP Jason Waite
|
|
Batting: SHB Carlos Carrillo
|
0-0: Called Strike 0-1: Foul Ball, location: 2F 0-2: Ball 1-2: Strikes out swinging
|
|
Batting: LHB Taylor Plummer
|
0-0: Ball 1-0: Ball 2-0: Ground out 4-3 (Groundball, 4, EV 78.1 MPH)
|
|
Batting: LHB Chris Cohen
|
0-0: Called Strike 0-1: Ball 1-1: Ball 2-1: Swinging Strike 2-2: Strikes out looking
|
| Bottom of the 3rd over - 0 runs, 0 hits, 0 errors, 0 left on base; Winnipeg 9 - Southern Maryland 0 |
| TOP OF THE 4TH |
|
Winnipeg Goldeyes batting - Pitching for Southern Maryland Blue Crabs : RHP Rod Najera
|
|
Batting: RHB Alexandre Garcia
|
0-0: Foul Ball, location: 2F 0-1: Ball 1-1: Called Strike 1-2: Strikes out swinging
|
|
Batting: SHB Ed Mosqueda
|
0-0: Called Strike 0-1: Called Strike 0-2: Foul Ball, location: 2F 0-2: Foul Ball, location: 2F 0-2: Strikes out swinging
|
|
Batting: RHB Chris Bejarano
|
0-0: SINGLE (Groundball, 3S, EV 73.8 MPH) (infield hit)
|
|
Batting: RHB Hisao Takei
|
0-0: Called Strike 0-1: Ball 1-1: Swinging Strike 1-2: Ball 2-2: Ball 3-2: Foul Ball, location: 2F 3-2: Base on Balls Chris Bejarano to second
|
|
Batting: LHB Eduardo Lopez
|
0-0: Called Strike 0-1: Ball 1-1: Ball 2-1: Swinging Strike 2-2: Ball 3-2: Foul Ball, location: 2F 3-2: Strikes out swinging
|
| Top of the 4th over - 0 runs, 1 hit, 0 errors, 2 left on base; Winnipeg 9 - Southern Maryland 0 |
| BOTTOM OF THE 4TH |
|
Southern Maryland Blue Crabs batting - Pitching for Winnipeg Goldeyes : RHP Jason Waite
|
|
Batting: RHB Kevin Popowicz
|
0-0: Ball 1-0: Foul Ball, location: 2F 1-1: Swinging Strike 1-2: Ball 2-2: Foul Ball, location: 2F 2-2: SOLO HOME RUN (Flyball, 78XD, EV 103.8 MPH), Distance : 430 ft
|
|
Batting: LHB Xue-liang Zhou
|
0-0: Called Strike 0-1: Foul Ball, location: 2F 0-2: Hit by Pitch
|
|
Batting: RHB Maup Gommers
|
0-0: Called Strike 0-1: Fly out, F9 (Flyball, 9S, EV 91.9 MPH)
|
|
Batting: LHB Ivan Alvarez
|
0-0: Ball 1-0: Foul Ball, location: 2F 1-1: Ball 2-1: Ball 3-1: Called Strike 3-2: Foul Ball, location: 2F 3-2: Fielders Choice at 2nd, 1-6 (Groundball, 13, EV 61.2 MPH)
|
|
Batting: RHB Jonathan Mendoza
|
0-0: Called Strike 0-1: Foul Ball, location: 2F 0-2: Ground out 5-3 (Groundball, 56S, EV 71.2 MPH)
|
| Bottom of the 4th over - 1 run, 1 hit, 0 errors, 1 left on base; Winnipeg 9 - Southern Maryland 1 |
| TOP OF THE 5TH |
|
Winnipeg Goldeyes batting - Pitching for Southern Maryland Blue Crabs : RHP Rod Najera
|
|
Batting: LHB Dave Bertheau
|
0-0: Ball 1-0: Foul Ball, location: 2F 1-1: Ball 2-1: Ball 3-1: Called Strike 3-2: Strikes out looking
|
|
Batting: RHB Josh Harmon
|
0-0: Ball 1-0: Ball 2-0: Foul Ball, location: 2F 2-1: Foul Ball, location: 2F 2-2: Strikes out swinging
|
|
Batting: LHB George Roben
|
0-0: Ball 1-0: Ball 2-0: Ball 3-0: Base on Balls
|
|
Batting: RHB Terry Oetker
|
0-0: Called Strike 0-1: Ball 1-1: Ball 2-1: Foul Ball, location: 2F 2-2: Ball 3-2: Base on Balls George Roben to second
|
|
Batting: RHB Alexandre Garcia
|
0-0: Foul Ball, location: 2F 0-1: Foul Ball, location: 2F 0-2: Ball 1-2: Strikes out looking
|
| Top of the 5th over - 0 runs, 0 hits, 0 errors, 2 left on base; Winnipeg 9 - Southern Maryland 1 |
| BOTTOM OF THE 5TH |
|
Southern Maryland Blue Crabs batting - Pitching for Winnipeg Goldeyes : RHP Jason Waite
|
|
Batting: LHB Jeremy Nuzzo
|
0-0: Swinging Strike 0-1: Ball 1-1: Ground out 4-3 (Groundball, 4M, EV 84.4 MPH)
|
|
Batting: SHB Carlos Carrillo
|
0-0: Called Strike 0-1: Ball 1-1: Ball 2-1: Ball 3-1: Base on Balls
|
|
Batting: LHB Taylor Plummer
|
0-0: Called Strike 0-1: Ball 1-1: Ball 2-1: Called Strike 2-2: Ball 3-2: Strikes out swinging
|
|
Batting: LHB Chris Cohen
|
0-0: Ball 1-0: Swinging Strike 1-1: Swinging Strike 1-2: Ball 2-2: Ball 3-2: Fly out, F8 (Flyball, 78D, EV 99.4 MPH)
|
| Bottom of the 5th over - 0 runs, 0 hits, 0 errors, 1 left on base; Winnipeg 9 - Southern Maryland 1 |
| TOP OF THE 6TH |
|
Winnipeg Goldeyes batting - Pitching for Southern Maryland Blue Crabs : RHP Rod Najera
|
|
Pitching: LHP Sueo Iba
|
|
|
Batting: SHB Ed Mosqueda
|
0-0: Ball 1-0: Ball 2-0: Fly out, F9 (Line Drive, 9S, EV 105.0 MPH)
|
|
Batting: RHB Chris Bejarano
|
0-0: Ball 1-0: Called Strike 1-1: Ground out 4-3 (Groundball, 34, EV 98.8 MPH)
|
|
Batting: RHB Hisao Takei
|
0-0: Ball 1-0: Called Strike 1-1: Ball 2-1: Foul Ball, location: 2F 2-2: Ball 3-2: Foul Ball, location: 2F 3-2: Fly out, F9 (Flyball, 89S, EV 88.1 MPH)
|
| Top of the 6th over - 0 runs, 0 hits, 0 errors, 0 left on base; Winnipeg 9 - Southern Maryland 1 |
| BOTTOM OF THE 6TH |
|
Southern Maryland Blue Crabs batting - Pitching for Winnipeg Goldeyes : RHP Jason Waite
|
|
Batting: RHB Kevin Popowicz
|
0-0: Ball 1-0: SINGLE (Line Drive, 7S, EV 109.4 MPH)
|
|
Batting: LHB Xue-liang Zhou
|
0-0: Foul Ball, location: 2F 0-1: Ball 1-1: Ball 2-1: Fly out, F7 (Flyball, 7, EV 84.4 MPH)
|
|
Batting: RHB Maup Gommers
|
0-0: Called Strike Kevin Popowicz steals 2nd base (no throw) 0-1: Ball 1-1: Ball 2-1: Swinging Strike 2-2: Ball 3-2: Foul Ball, location: 2F 3-2: Fly out, F9 (Flyball, 9LM, EV 88.8 MPH)
|
|
Batting: LHB Ivan Alvarez
|
0-0: Called Strike 0-1: Ball 1-1: Fly out, F1 (Line Drive, P, EV 65.6 MPH)
|
| Bottom of the 6th over - 0 runs, 1 hit, 0 errors, 1 left on base; Winnipeg 9 - Southern Maryland 1 |
| TOP OF THE 7TH |
|
Winnipeg Goldeyes batting - Pitching for Southern Maryland Blue Crabs : LHP Sueo Iba
|
|
Batting: LHB Eduardo Lopez
|
0-0: Ground out 1-5-3 (Groundball, 15S, EV 110.0 MPH)
|
|
Batting: LHB Dave Bertheau
|
0-0: Called Strike 0-1: Foul Ball, location: 2F 0-2: Ball 1-2: Ball 2-2: Fly out, F9 (Line Drive, 9, EV 90.0 MPH)
|
|
Batting: RHB Josh Harmon
|
0-0: Called Strike 0-1: Swinging Strike 0-2: Ground out 6-3 (Groundball, 6M, EV 101.9 MPH)
|
| Top of the 7th over - 0 runs, 0 hits, 0 errors, 0 left on base; Winnipeg 9 - Southern Maryland 1 |
| BOTTOM OF THE 7TH |
|
Southern Maryland Blue Crabs batting - Pitching for Winnipeg Goldeyes : RHP Jason Waite
|
|
Pinch Hitting: RHB Ruben Domingues
|
0-0: Ball 1-0: Called Strike 1-1: Called Strike 1-2: Ground out 5-3 (Groundball, 56S, EV 91.9 MPH)
|
|
Batting: LHB Jeremy Nuzzo
|
0-0: Ball 1-0: Foul Ball, location: 2F 1-1: Foul Ball, location: 2F 1-2: Strikes out looking
|
|
Batting: SHB Carlos Carrillo
|
0-0: Foul Ball, location: 2F 0-1: Called Strike 0-2: Fly out, F7 (Flyball, 78S, EV 85.6 MPH)
|
| Bottom of the 7th over - 0 runs, 0 hits, 0 errors, 0 left on base; Winnipeg 9 - Southern Maryland 1 |
| TOP OF THE 8TH |
|
Winnipeg Goldeyes batting - Pitching for Southern Maryland Blue Crabs : LHP Sueo Iba
|
|
Now in LF: Taylor Plummer
|
|
|
Now in CF: Ruben Domingues
|
|
|
Batting: LHB George Roben
|
0-0: Ball 1-0: Ball 2-0: Foul Ball, location: 2F 2-1: Swinging Strike 2-2: Ball 3-2: Base on Balls
|
|
Batting: RHB Terry Oetker
|
0-0: Fielders Choice at 2nd, 5-4 (Groundball, 56, EV 103.8 MPH)
|
|
Batting: RHB Alexandre Garcia
|
0-0: Swinging Strike 0-1: Fly out, F9 (Flyball, 9, EV 84.4 MPH)
|
|
Batting: SHB Ed Mosqueda
|
0-0: Fly out, F9 (Flyball, 89XD, EV 90.6 MPH)
|
| Top of the 8th over - 0 runs, 0 hits, 0 errors, 1 left on base; Winnipeg 9 - Southern Maryland 1 |
| BOTTOM OF THE 8TH |
|
Southern Maryland Blue Crabs batting - Pitching for Winnipeg Goldeyes : RHP Jason Waite
|
|
Batting: LHB Taylor Plummer
|
0-0: Ground out 6-3 (Groundball, 6, EV 101.9 MPH)
|
|
Batting: LHB Chris Cohen
|
0-0: Ball 1-0: Called Strike 1-1: Ball 2-1: Foul Ball, location: 2F 2-2: Ball 3-2: Base on Balls
|
|
Pitching: RHP Chi-young Chuko
|
|
|
Batting: RHB Kevin Popowicz
|
0-0: Called Strike 0-1: Ball 1-1: Called Strike 1-2: Strikes out swinging
|
|
Batting: LHB Xue-liang Zhou
|
0-0: Ball 1-0: Called Strike 1-1: Called Strike 1-2: Hit by Pitch Chris Cohen to second
|
|
Pinch Hitting: RHB Eddie Morin
|
0-0: Ball 1-0: Called Strike 1-1: Ball 2-1: Fly out, F8 (Flyball, 8RD, EV 101.9 MPH)
|
| Bottom of the 8th over - 0 runs, 0 hits, 0 errors, 2 left on base; Winnipeg 9 - Southern Maryland 1 |
| TOP OF THE 9TH |
|
Winnipeg Goldeyes batting - Pitching for Southern Maryland Blue Crabs : LHP Sueo Iba
|
|
Pitching: LHP Ronnie Pickering
|
|
|
Now at SS: Eddie Morin
|
|
|
Batting: RHB Chris Bejarano
|
0-0: Ball 1-0: Ball 2-0: Called Strike 2-1: Foul Ball, location: 2F 2-2: Strikes out swinging
|
|
Batting: RHB Hisao Takei
|
0-0: Fly out, F7 (Flyball, 7LSF, EV 91.2 MPH)
|
|
Pinch Hitting: LHB Shaun Price
|
0-0: Fly out, F8 (Flyball, 8RM, EV 91.9 MPH)
|
| Top of the 9th over - 0 runs, 0 hits, 0 errors, 0 left on base; Winnipeg 9 - Southern Maryland 1 |
| BOTTOM OF THE 9TH |
|
Southern Maryland Blue Crabs batting - Pitching for Winnipeg Goldeyes : RHP Chi-young Chuko
|
|
Now in LF: Dave Bertheau
|
|
|
Now in RF: Jose Hilario
|
|
|
Pinch Hitting: RHB Simon Van Steenwyk
|
0-0: Swinging Strike 0-1: Ball 1-1: SOLO HOME RUN (Flyball, 78XD, EV 107.5 MPH), Distance : 431 ft
|
|
Pinch Hitting: LHB Pat Fontana
|
0-0: Called Strike 0-1: Foul Ball, location: 2F 0-2: Foul Ball, location: 2F 0-2: Ball 1-2: Strikes out swinging
|
|
Batting: LHB Jeremy Nuzzo
|
0-0: Foul Ball, location: 2F 0-1: Ball 1-1: Ball 2-1: Ball 3-1: Base on Balls
|
|
Batting: SHB Carlos Carrillo
|
0-0: Fly out, F7 (Line Drive, 7, EV 93.1 MPH)
|
|
Pinch Hitting: RHB Minoru Matsumoto
|
0-0: Called Strike 0-1: Swinging Strike 0-2: Strikes out swinging
|
| Bottom of the 9th over - 1 run, 1 hit, 0 errors, 1 left on base; Winnipeg 9 - Southern Maryland 2 |
|